Map: Proxima Station LE

Players

MCanning - Winner!

  • Race: Protoss Protoss
  • Spawn Location: 1:00

miwa

  • Race: Zerg Zerg
  • Spawn Location: 7:00

Event: WCS Austin 2017

VOD

Have the link to the VOD?

Description

Time

  • Played on: April 28, 2017, 2:35 p.m.
  • Length: 13:02

All games in this series

Show
View Real Time Build Order
Export as new Build Order

MCanning Protoss - Winner!

Build Orders: 1 Gate Expand 

Get SALT Encoding   

  12  0:00  Probe (Chrono Boost)  
  13  0:11  Probe (Chrono Boost)  
  14  0:21  Probe (Chrono Boost)  
  14  0:26  Pylon  
  15  0:44  Probe (Chrono Boost), Gateway  
  16  0:55  Probe (Chrono Boost)  
  16  0:56  Assimilator  
  17  1:05  Probe (Chrono Boost)  
  18  1:16  Probe (Chrono Boost)  
  19  1:30  Nexus  
  19  1:34  Probe (Chrono Boost)  
  19  1:38  Cybernetics Core  
  20  1:46  Zealot  
  22  1:54  Assimilator  
  22  2:04  Forge  
  22  2:10  Probe (Chrono Boost)  
  23  2:26  Pylon, Warp Gate  
  23  2:27  Pylon  
  23  2:38  Stalker  
  23  2:43  Mothership Core (Chrono Boost)  
  27  2:46  Probe (Chrono Boost)  
  28  2:58  Probe (Chrono Boost)  
  29  3:01  Probe (Chrono Boost)  
  30  3:10  Probe (Chrono Boost)  
  30  3:11  Sentry  
  30  3:12  Probe (Chrono Boost)  
  32  3:19  Twilight Council  
  33  3:22  Probe (Chrono Boost)  
  33  3:23  Probe (Chrono Boost)  
  35  3:31  Gateway  
  36  3:34  Probe (Chrono Boost)  
  36  3:40  Sentry, Gateway  
  38  3:49  Probe (Chrono Boost)  
  38  3:50  Probe (Chrono Boost)  
  38  3:54  Robotics Facility  
  39  4:00  Probe (Chrono Boost)  
  39  4:02  Probe (Chrono Boost)  
  41  4:10  Probe (Chrono Boost)  
  41  4:12  Probe (Chrono Boost)  
  43  4:21  Probe (Chrono Boost)  
  43  4:22  Dark Shrine  
  43  4:23  Probe (Chrono Boost)  
  45  4:24  Gateway  
  45  4:31  Assimilator  
  45  4:32  Probe (Chrono Boost)  
  45  4:34  Assimilator  
  45  4:35  Probe (Chrono Boost)  
  47  4:39  Adept  
  47  4:41  Adept  
  47  4:44  Warp Prism  
  53  4:55  Pylon  
  53  5:04  Probe (Chrono Boost)  
  54  5:08  Gateway  
  54  5:13  Probe (Chrono Boost)  
  55  5:17  Robotics Bay  
  55  5:20  Probe (Chrono Boost)  
  56  5:23  Probe (Chrono Boost)  
  57  5:34  Immortal  
  59  5:41  Pylon  
  61  5:43  Pylon  
  62  5:50  Blink, Probe (Chrono Boost), Pylon  
  63  6:05  Probe (Chrono Boost)  
  63  6:13  Immortal  
  63  6:14  Stargate  
  63  6:15  Stargate  
  63  6:17  Stargate  
  68  6:26  Probe (Chrono Boost), Pylon  
  68  6:29  Pylon  
  69  6:40  Probe (Chrono Boost)  
  69  6:46  Probe (Chrono Boost)  
  68  6:49  Forge  
  68  6:52  Pylon  
  66  6:55  Phoenix  
  66  6:58  Phoenix  
  66  6:59  Phoenix  
  70  7:02  Fleet Beacon  
  72  7:08  Adept  
  72  7:09  Adept  
  76  7:20  Phoenix  
  76  7:22  Phoenix  
  72  7:29  Probe (Chrono Boost)  
  77  7:32  Stalker  
  77  7:33  Zealot  
  79  7:40  Stalker  
  79  7:42  Anion Pulse-Crystals  
  77  7:49  Probe (Chrono Boost)  
  78  8:02  Probe (Chrono Boost)  
  78  8:03  Probe (Chrono Boost)  
  80  8:10  Zealot x2  
  84  8:15  Phoenix  
  84  8:18  Phoenix  
  84  8:19  Nexus  
  88  8:22  Pylon x2  
  88  8:23  Phoenix  
  88  8:39  Phoenix  
  89  8:47  Phoenix x2  
  93  8:56  Nexus  
  93  8:59  Assimilator  
  93  9:04  Phoenix  
  93  9:05  Assimilator  
  93  9:09  Phoenix  
  90  9:11  Probe (Chrono Boost)  
  90  9:12  Phoenix  
  94  9:31  Phoenix  
  96  9:34  Phoenix  
  96  9:41  Probe (Chrono Boost)  
  96  9:42  Phoenix  
  99  10:09  Forge  
  99  10:14  Zealot  
  99  10:15  Zealot x3  
  99  10:19  Probe (Chrono Boost)  
  99  10:20  Probe x2 (Chrono Boost)  
  110  10:30  Probe (Chrono Boost)  
  110  10:32  Probe (Chrono Boost), Dark Shrine  
  111  10:35  Probe (Chrono Boost)  
  111  10:36  Zealot x3  
  111  10:38  Phoenix  
  111  10:40  Probe (Chrono Boost)  
  111  10:41  Phoenix x2  
  124  10:56  Zealot  
  124  10:58  Zealot x3  
  124  10:59  Phoenix  
  123  11:17  Probe (Chrono Boost)  
  123  11:18  Dark Templar x4  
  129  11:19  Probe x2 (Chrono Boost)  
  129  11:24  Archon x2  
  129  11:25  Gateway  
  134  11:26  Gateway  
  134  11:32  Immortal  
  134  11:34  Probe (Chrono Boost)  
  134  11:35  Probe (Chrono Boost)  
  140  11:54  Pylon  
  140  11:57  Pylon  
  140  12:11  Immortal  
  140  12:12  Probe (Chrono Boost)  
  140  12:13  Templar Archives  
  141  12:15  Gateway  
  141  12:19  Pylon  
  141  12:22  Dark Templar  
  137  12:54  Dark Templar x2  
  137  12:55  Dark Templar x2  
  147  12:58  Archon  
  147  12:59  Archon  
  147  13:00  Dark Templar  
Show
View Real Time Build Order
Export as new Build Order

miwa Zerg 

Build Orders: Hatch First 

Get SALT Encoding   

  12  0:00  Drone  
  13  0:08  Drone  
  14  0:16  Overlord  
  14  0:23  Extractor  
  14  0:24  Drone  
  15  0:36  Drone x2  
  17  0:59  Drone  
  17  1:02  Drone, Hatchery  
  18  1:06  Extractor  
  17  1:13  Overlord  
  17  1:16  Drone  
  18  1:31  Spawning Pool  
  17  1:35  Drone  
  18  1:45  Drone  
  19  1:54  Overlord  
  19  2:16  Drone  
  19  2:18  Queen x2  
  19  2:19  Drone  
  19  2:20  Drone  
  26  2:25  Metabolic Boost  
  26  2:30  Zergling x2  
  26  2:32  Drone  
  28  2:40  Zergling x4  
  30  2:58  Hatchery  
  29  2:59  Drone x2  
  31  3:07  Drone x3  
  31  3:12  Overlord  
  34  3:22  Drone x2  
  36  3:27  Drone  
  36  3:31  Drone x2  
  36  3:32  Drone x2  
  41  3:37  Drone x2  
  43  3:47  Drone  
  43  3:48  Drone x2  
  46  3:54  Overlord  
  45  4:04  Roach Warren  
  45  4:06  Lair, Extractor  
  45  4:08  Extractor  
  40  4:13  Spore Crawler  
  40  4:14  Spore Crawler  
  40  4:16  Zergling x4  
  40  4:20  Drone x3  
  40  4:21  Drone x3  
  46  4:28  Drone, Queen  
  49  4:32  Extractor  
  49  4:34  Evolution Chamber  
  47  4:39  Spore Crawler  
  47  4:45  Roach x3  
  52  4:46  Zergling x2  
  52  4:50  Zergling x4  
  55  5:01  Drone x2  
  55  5:02  Drone  
  58  5:10  Spire  
  58  5:12  Overlord  
  56  5:17  Overseer  
  56  5:18  Drone  
  56  5:21  Overlord  
  57  5:27  Overlord  
  57  5:37  Drone x3  
  57  5:38  Drone x3  
  57  5:39  Extractor x2  
  61  5:43  Zergling x4  
  63  5:50  Overlord  
  61  6:21  Mutalisk x3  
  61  6:22  Mutalisk x2  
  61  6:23  Mutalisk x4  
  79  6:33  Mutalisk x2  
  79  6:42  Mutalisk  
  79  6:46  Drone x3  
  80  6:55  Mutalisk  
  80  6:57  Drone x2  
  80  7:00  Drone  
  85  7:06  Drone x3  
  88  7:15  Overlord  
  84  7:23  Mutalisk x2  
  88  7:36  Drone, Corruptor x2  
  91  7:44  Mutalisk x2  
  91  7:50  Drone x2, Overlord  
  91  7:51  Overlord  
  97  8:00  Corruptor  
  97  8:02  Overlord x2  
  97  8:08  Overlord x2  
  95  8:22  Mutalisk  
  95  8:23  Mutalisk x3  
  103  8:33  Hatchery  
  102  8:35  Mutalisk  
  104  8:46  Corruptor  
  104  8:48  Zergling x10  
  108  8:55  Mutalisk  
  113  9:05  Mutalisk x2  
  113  9:07  Drone x5  
  113  9:08  Drone  
  113  9:09  Drone  
  124  9:14  Spore Crawler  
  122  9:17  Zergling x4, Spore Crawler  
  121  9:28  Corruptor x2  
  115  9:40  Zergling x10  
  115  9:41  Zergling x6  
  109  9:56  Mutalisk x3  
  114  10:03  Drone x6  
  114  10:04  Drone x4  
  116  10:15  Drone x6  
  116  10:16  Drone x3  
  116  10:19  Extractor  
  124  10:21  Extractor  
  124  10:24  Infestation Pit  
  124  10:28  Overlord x2  
  122  10:35  Pneumatized Carapace  
  122  10:36  Zerg Melee Weapons Level 1  
  98  11:02  Zergling x8  
  98  11:03  Zergling x22  
  103  11:07  Hive  
  98  11:15  Zergling x8  
  101  11:20  Baneling Nest  
  100  11:26  Hatchery  
  99  11:33  Glial Reconstitution  
  99  11:35  Pathogen Glands  
  99  11:38  Overlord x2  
  99  11:40  Overlord x2  
  99  11:43  Spore Crawler  
  99  11:44  Spore Crawler  
  99  11:45  Spore Crawler  
  99  11:46  Spore Crawler  
  95  11:47  Drone x2  
  95  11:48  Spore Crawler  
  95  11:49  Spore Crawler x2  
  95  11:50  Spore Crawler  
  95  11:51  Spore Crawler  
  95  11:52  Spore Crawler x2  
  95  11:53  Spore Crawler  
  67  12:04  Drone x2  
  67  12:05  Drone x6  
  67  12:06  Drone x3  
  67  12:14  Queen  
  68  12:21  Baneling x9  
  60  12:34  Drone x2  
  60  12:35  Drone x2  
  60  12:36  Drone  
  56  12:40  Drone  
  48  12:49  Drone x2  
Tags
 
Add a new tag
Caveats
  • Supply blocks, unpowered buildings, or Contaminate may cause inaccurate times.
  • Supply counts are checked every 10 seconds.